 Dungeon Crawl Stone Soup version 0.22-a0-392-g5dc3fd9 (webtiles) character file.

1402 iamserjio the Protected (level 8, -1/64 HPs)
             Began as a Minotaur Fighter on May 1, 2018.
             Killed by divine providence
             ... invoked by an orc priest
              (16 damage)
             ... on level 5 of the Dungeon.
             The game lasted 00:10:33 (4219 turns).

iamserjio the Protected (Minotaur Fighter)          Turns: 4219, Time: 00:10:33

Health: -1/64      AC:  9    Str: 24    XL:     8   Next: 42%
Magic:  7/7        EV: 10    Int:  5    God:
Gold:   146        SH: 10    Dex:  9    Spells: 7/7 levels left

rFire    . . .     SeeInvis .   a - +1 war axe
rCold    + . .     Gourm    .   c - +0 shield
rNeg     . . .     Faith    .   b - +0 scale mail
rPois    .         Spirit   .   (helmet restricted)
rElec    .         Reflect  .   (no cloak)
rCorr    .         Harm     .   m - +0 pair of gloves (curse)
MR       .....                  (no boots)
Stlth    +.........             (no amulet)
HPRegen  0.20/turn              l - ring of stealth
MPRegen  0.10/turn              j - ring of protection from cold

@: no status effects
A: retaliatory headbutt, horns 2
a: no special abilities


You were on level 5 of the Dungeon.
You were hungry.

You visited 1 branch of the dungeon, and saw 5 of its levels.

You collected 146 gold pieces.

Inventory:

Hand Weapons
 a - a +1 war axe (weapon)
Armour
 b - a +0 scale mail (worn)
 c - a +0 shield (worn)
 m - a cursed +0 pair of gloves (worn)
Jewellery
 j - a ring of protection from cold (right hand)
 l - a ring of stealth (left hand)
Wands
 k - a wand of paralysis (16)
 o - a wand of disintegration (14)
 p - a wand of iceblast (12)
 q - a wand of enslavement (10)
 s - a wand of flame (21)
Scrolls
 i - a scroll of fear {unknown}
 r - a scroll of immolation
 t - a scroll of identify {unknown}
 v - a scroll of blinking
Potions
 d - a potion of might
 e - 2 potions of degeneration {unknown}
 h - 2 potions of brilliance
 n - 2 potions of mutation {unknown}
 u - a potion of heal wounds {unknown}
Comestibles
 f - 4 rations


   Skills:
 - Level 3.6 Fighting
 * Level 7.5 Axes
 * Level 8.1 Armour
 + Level 4.3 Dodging
 + Level 6.2 Shields


You had 7 spell levels left.
You didn't know any spells.

Dungeon Overview and Level Annotations

Branches:
Dungeon (5/15)
 Temple: D:4-7

Altars:
Dithmenos
Ru
Wu Jian


Innate Abilities, Weirdness & Mutations

You reflexively headbutt those who attack you in melee.
You have a pair of horns on your head.


Message History

You block the orc warrior's attack.
You slash the orc warrior!
You kill the orc warrior!
Your Armour skill increases to level 8!
You closely miss the orc priest. You headbutt the orc priest.
The orc priest is moderately wounded.
You block the orc priest's attack. The orc priest hits you.
* * * LOW HITPOINT WARNING * * *
You slash the orc priest! Your headbutt misses the orc priest.
The orc priest is almost dead.
The orc priest calls down the wrath of Beogh upon you.
Beogh smites you!
* * * LOW HITPOINT WARNING * * *
You closely miss the orc priest.
The orc priest is almost dead.
The orc priest misses you.
You feel better.
The orc priest mumbles some strange prayers to Beogh against you.
Beogh smites you!
You die...

..#.### ### #.#.# ..# #.#.#
#.# #.#.# #.# #.#.# # #.#
#.#.# #.# #.# ###.#.# ....
#.#### #...<.### .....
#@##.## #........
......####o#...## #........
.....5o!)oo.....###........
......####.##.##.##........
..... #.#######.#...(....
.... ##.# ##..#........ ##.
#.###.#.#........ #
#.#.##.#........
#.###.#........


You could see an orc priest and 2 orcs.

Vanquished Creatures
  Sigmund (D:3)
  Eustachio (D:4)
  Duvessa (D:4)
  2 ice beasts
  An orc warrior (D:5)
  2 ogres
  Dowan (D:4)
  5 wights (D:4)
  A hound (D:4)
  Natasha (thrice) (D:4)
  2 orc wizards (D:4)
  5 adders
  3 oozes
  An adder skeleton (D:4)
  3 worms
  A dart slug (D:3)
  4 leopard geckos
  12 orcs
  A ball python (D:4)
  A giant cockroach (D:1)
  7 goblins
  5 hobgoblins
  3 jackals (D:3)
  9 bats
  7 frilled lizards
  5 kobolds
  5 rats
92 creatures vanquished.

Notes
Turn   | Place    | Note
-------+----------+-------------------------------------------
     0 | D:1      | iamserjio the Minotaur Fighter began the quest for the Orb.
     0 | D:1      | Reached XP level 1. HP: 19/19 MP: 0/0
   152 | D:1      | Reached XP level 2. HP: 22/26 MP: 1/1
   393 | D:1      | Reached skill level 4 in Armour
   743 | D:2      | Reached skill level 1 in Dodging
   743 | D:2      | Reached XP level 3. HP: 24/31 MP: 2/2
  1165 | D:2      | Reached XP level 4. HP: 31/39 MP: 3/3
  1632 | D:3      | Noticed Sigmund
  1652 | D:3      | Killed Sigmund
  1652 | D:3      | Reached skill level 5 in Armour
  1652 | D:3      | Reached XP level 5. HP: 23/45 MP: 4/4
  1820 | D:3      | Reached XP level 6. HP: 51/51 MP: 5/5
  2118 | D:4      | Noticed Dowan
  2119 | D:4      | Noticed Duvessa
  2132 | D:4      | Killed Duvessa
  2132 | D:4      | Reached skill level 5 in Axes
  2140 | D:4      | Killed Dowan
  2140 | D:4      | Reached skill level 6 in Armour
  2140 | D:4      | Reached skill level 5 in Shields
  2479 | D:4      | Reached XP level 7. HP: 57/57 MP: 6/6
  2709 | D:4      | Noticed Natasha
  2710 | D:4      | Noticed Eustachio
  2720 | D:4      | Killed Natasha
  2732 | D:4      | Killed Eustachio
  2732 | D:4      | Reached skill level 7 in Armour
  3139 | D:4      | Found an ornate altar of the Wu Jian Council.
  3175 | D:4      | Noticed Natasha
  3183 | D:4      | Killed Natasha
  3191 | D:4      | Reached XP level 8. HP: 19/64 MP: 7/7
  3663 | D:4      | Noticed Natasha
  3669 | D:4      | Killed Natasha
  4070 | D:5      | Entered Level 5 of the Dungeon
  4086 | D:5      | Found a shadowy altar of Dithmenos.
  4087 | D:5      | Found a sacrificial altar of Ru.
  4215 | D:5      | Reached skill level 8 in Armour
  4219 | D:5      | Killed from afar by an orc priest

Vault maps used:
D:1:      mushboom_english_gardens
D:3:      first_ration, uniq_sigmund
D:4:      overflow_temple_1_default, cheibrodos_sewer_entry_sluice,
          serial_park_tiny_1, small_statue_intersection, uniq_eustachio,
          uniq_duvessa, uniq_natasha
D:5:      chequers_temple_overflow_statue_of_worship, minmay_temple_entry_grid,
          basic_altar, uniq_grinder

Skill      XL: |  1  2  3  4  5  6  7  8 |
---------------+-------------------------+-----
Axes           | 3 4 5 6 7 |  7.5
Armour         | 4 5 6 7 8 |  8.1
Dodging        | 1 2 3 4 |  4.3
Shields        | 4 5 6 |  6.2
Fighting       | |  3.6

Action                   |  1- 3 |  4- 6 |  7- 9 || total
-------------------------+-------+-------+-------++-------
Melee: War axe           |    97 |   103 |   106 ||   306
       Headbutt          |     9 |    13 |    18 ||    40
  Use: Scroll            |       |     5 |       ||     5
       Potion            |       |     2 |     2 ||     4
  Eat: Chunk             |       |     5 |     5 ||    10
Armor: Scale mail        |    39 |    44 |    29 ||   112
Dodge: Dodged            |    32 |    37 |    41 ||   110
Block: Shield            |    64 |    72 |    51 ||   187

Table legend:
 A = Spawn XP
 B = Non-spawn XP
 C = Spawn XP percentage of total XP
 D = Spawn monster count
 E = Non-spawn monster count
 F = Spawn count percentage of total count
 G = Total turns spent on level
                    A         B        C        D         E        F      G
               +---------+---------+-------+---------+---------+-------+---------
         Total |       0 |    2003 |   0.0 |       0 |      92 |   0.0 |  4219
               +---------+---------+-------+---------+---------+-------+---------
           D:1 |       0 |      29 |   0.0 |       0 |      19 |   0.0 |   662
           D:2 |       0 |      76 |   0.0 |       0 |      15 |   0.0 |   732
           D:3 |       0 |     298 |   0.0 |       0 |      24 |   0.0 |   687
           D:4 |       0 |    1215 |   0.0 |       0 |      31 |   0.0 |  1989
           D:5 |       0 |     385 |   0.0 |       0 |       3 |   0.0 |   149
               +---------+---------+-------+---------+---------+-------+---------
